 Dungeon Crawl Stone Soup version 0.30-a0-149-g7f746667c4 (webtiles) character file.

Game seed: 11966824236095863602

41 ytrimaz the Magician (level 3, -3/25 HPs)
             Began as a Djinni Necromancer on Sept 26, 2022.
             Slain by Natasha (4 damage)
             ... on level 2 of the Dungeon.
             The game lasted 00:02:04 (1675 turns).

ytrimaz the Magician (Djinni Necromancer)           Turns: 1675, Time: 00:02:05

Health: -3/25      AC:  2    Str:  7    XL:     3   Next: 75%
Gold:   17         EV: 12    Int: 18    God:
                   SH:  0    Dex: 13

rFire   + + .      SeeInvis .    (no weapon)
rCold   x . .      Faith    .    (no shield)
rNeg    . . .      Spirit   .    a - +0 robe
rPois   ∞          Reflect  .    (no helmet)
rElec   .          Harm     .    (no cloak)
rCorr   .          Rampage  .    (no gloves)
Will    .....                    (boots unavailable)
Stlth   ++........               (no amulet)
HPRegen 0.08/turn                (no ring)
MPRegen 0.00/turn                (no ring)

@: mighty, flying, slowed, very slow
A: sickness immunity, fire resistance 2, cold vulnerability 1, float, innate
caster, HP casting, extra vitality 1
a: no special abilities


You were on level 2 of the Dungeon.
You visited 1 branch of the dungeon, and saw 2 of its levels.

You collected 17 gold pieces.


Innate Abilities, Weirdness & Mutations

You are immune to sickness and miasma.
You are immune to poison.
Your flesh is very heat resistant. (rF++)
You are vulnerable to cold. (rC-)
You float through the air rather than walking.
You learn spells naturally, not from books.
Your magical power is your life essence.
You have superior vitality. (+4 MHP)


   Skills:
 + Level 3.0 Dodging
 + Level 2.3 Stealth
 + Level 3.5 Spellcasting


You couldn't memorise any spells.
You knew the following spells:

 Your Spells              Type           Power      Damage    Failure   Level
a - Necrotise             Necr           64%        1d7       3%          1
b - Vampiric Draining     Necr           16%        2d7       11%         3
c - Animate Dead          Necr           16%        N/A       34%         4
d - Agony                 Necr           16%        N/A       69%         5
e - Sandblast             Erth           32%        2d9       3%          1
Your spell library was empty.

Inventory:

Armour
 a - a +0 robe (worn)
Scrolls
 d - 3 scrolls of teleportation
Potions
 c - a potion of invisibility {unknown}
 e - a potion of magic {unknown}
 f - a potion of lignification {unknown}
 g - 2 potions of ambrosia {unknown}

Dungeon Overview and Level Annotations

Branches:
Dungeon (2/15) Zot: 10316

Altars:

Shops:
D:1 [

Annotations:
D:2 Natasha

##.###.#......#....
##......#..##### ### .#
....######.##########...>
.†#.# #.....##..).....
..#.# #####..#.####.#
....## ####......#...
###..# ##....##.#...#
###..###..#####.#h###
.........## #..@...#
.........# #......#
........#### #........#
....~~~~~~~###.8..8..##
.~~~~≈≈≈≈≈~~~~.8..8..#
~~≈≈≈≈≈≈≈≈≈≈≈~~~..~...#
≈≈≈≈≈~~~~~≈≈≈≈≈≈..~~~...
≈≈~~~~...~~~~≈≈≈..≈≈~~~~
~~~###......~~~


You could see Natasha.


Message History

😎 HP[+1]
Your hp is fully restored (25).
Key pressed, stopping explore.
A hobgoblin comes into view.
The hobgoblin shouts!
Unknown command.
A hobgoblin is nearby!
A hobgoblin is nearby!
Unknown command.
Casting: Sandblast (safe; 3% risk of failure)
Confirm with . or Enter, or press ? or * to list all spells.
Aiming: Sandblast (safe; 3% risk of failure)
Press: ? - help, Shift-Dir - straight line, f - hobgoblin
Aim: a hobgoblin (82% to hit)
Okay, then.
Unknown command.
The blast of sand hits the hobgoblin!
You kill the hobgoblin! 😕 HP[-1]
You take 1 damage, and now have 24/25 hp.
Unknown command.
You can't see any susceptible monsters within range! (Use Z to cast anyway.)
You can't see any susceptible monsters within range! (Use Z to cast anyway.) Unknown command.
An endoplasm comes into view.
The endoplasm quivers. 😎 HP[+1]
Your hp is fully restored (25).
An endoplasm is nearby!
Unknown command.
Casting: Sandblast (safe; 3% risk of failure)
Confirm with . or Enter, or press ? or * to list all spells.
Okay, then.
Unknown command.
Unknown command.
The blast of sand hits the endoplasm!
You kill the endoplasm! 😕 HP[-1]
You take 1 damage, and now have 24/25 hp.
You can't see any susceptible monsters within range! (Use Z to cast anyway.) Unknown command.
g - 2 golden potions 😎 HP[+1]
Your hp is fully restored (25).
Unknown command.
Found a stone staircase leading down.
Natasha, Servant of Life and Death comes into view.
Natasha hisses angrily.
Unknown command.
You can't see any susceptible monsters within range! (Use Z to cast anyway.) Unknown command.
The blast of sand hits Natasha.
Natasha howls an incantation.
Natasha shimmers violently.
The blast of sand hits Natasha.
Natasha stares at you and mumbles some strange words.
You feel yourself slow down. Natasha claws you. 😕 HP[-6]
You take 6 damage, and now have 19/25 hp.
MASSIVE DAMAGE!! (PAUSE)
The blast of sand hits Natasha!
Natasha claws you!
* * * LOW HITPOINT WARNING * * *
Natasha closely misses you. 😨 HP[-9]
You take 9 damage, and now have 10/25 hp.
MASSIVE DAMAGE!! (PAUSE)
You are too injured to fight recklessly!
Unknown command.
You are too injured to fight recklessly!
Unknown command.
Casting: Sandblast (safe; 3% risk of failure)
Confirm with . or Enter, or press ? or * to list all spells.
Aiming: Sandblast (safe; 3% risk of failure)
Press: ? - help, Shift-Dir - straight line, f/p - Natasha
Aim: Natasha (almost dead, 77% to hit)
The blast of sand misses Natasha.
* * * LOW HITPOINT WARNING * * *
Natasha stares at you and mumbles some strange words.
You feel as though you will be slow longer.
Natasha stares at you and mumbles some strange words.
The magic dart hits you!
* * * LOW HITPOINT WARNING * * *
😱 HP[-9]
You take 9 damage, and now have 1/25 hp.
MASSIVE DAMAGE!! (PAUSE)
Casting: Sandblast (safe; 3% risk of failure)
Confirm with . or Enter, or press ? or * to list all spells.
You don't have enough health to cast this spell.
Unknown command.
Unknown command.
Casting: Sandblast (safe; 3% risk of failure)
Confirm with . or Enter, or press ? or * to list all spells.
You don't have enough health to cast this spell.
Unknown command.
Unknown command.
It was a potion of might.
You feel very mighty all of a sudden. Natasha claws you.
You die...

Skill      XL: |  1  2  3 |
---------------+----------+-----
Stealth        | 2 |  2.3
Dodging        | 3 |  3.0
Spellcasting   | |  3.5

Action                   || total
-------------------------++-------
Melee: Unarmed           ||    10
 Cast: Necrotise         ||    45
       Sandblast         ||    11
  Use: Scroll            ||     3
       Potion            ||     1
Armor: Robe              ||     3
Dodge: Dodged            ||    16

Levels and vault maps discovered:
D:1:      scummos_arrival_simple_crosswalls, layout_rooms,
          dreamdust_ecumenical_altar_drowned_temple, serial_curves,
          eino_curves_04, eino_curves_01, serial_shops, shop, st_stairs_7
D:2:      wander_river, layout_rooms, roderic_lattice_a,
          nicolae_underground_beach, uniq_natasha

Notes
Turn   | Place    | Note
-------+----------+-------------------------------------------
     0 | D:1      | ytrimaz the Djinni Necromancer began the quest for the Orb.
     0 | D:1      | ytrimaz set off with the following spells memorised:
                  | Necrotise, Vampiric Draining, Animate Dead, Agony.
     0 | D:1      | Reached XP level 1. HP: 15/15 MP: 0/0
     0 | D:1      | magus.rc [v1.9.6]
    55 | D:1      | Reached XP level 2. HP: 2/21 MP: 0/0
   442 | D:1      | Reached skill level 2 in Stealth
   652 | D:1      | Reached XP level 3. HP: 18/25 MP: 0/0
   652 | D:1      | Learned a level 1 spell: Sandblast
   794 | D:1      | Found Iroym Ipug's Armour Boutique.
  1336 | D:1      | Found a faded altar of an unknown god.
  1561 | D:2      | Reached skill level 3 in Dodging
  1669 | D:2      | Noticed Natasha
  1674 | D:2      | HP: 1/25 [Natasha/magic dart (8)]
  1675 | D:2      | Slain by Natasha

Vanquished Creatures
  A dart slug (D:1)
  5 endoplasms
  A giant cockroach (D:1)
  2 goblins (D:1)
  7 hobgoblins
  2 kobolds
  A quokka (D:1)
  3 ball pythons (D:1)
  3 bats (D:1)
  2 frilled lizards
  3 rats (D:1)
  A spectral hobgoblin (D:1)
31 creatures vanquished.

Vanquished Creatures (collateral kills)
  A hobgoblin (D:1)
  A frilled lizard (D:1)
  2 kobolds (D:1)
  A rat (D:1)
5 creatures vanquished.

Grand Total: 36 creatures vanquished

Table legend:
 A = Non-vault XP
 B = Vault XP
 C = Vault XP percentage of total XP
 D = Non-vault monster count
 E = Vault monster count
 F = Vault count percentage of total count
                 A         B        C        D         E       F
            +---------+---------+-------+---------+---------+-------
      Total |      56 |       3 |   5.1 |      34 |       2 |   5.6
            +---------+---------+-------+---------+---------+-------
        D:1 |      48 |       3 |   5.9 |      29 |       2 |   6.5
        D:2 |       8 |       0 |   0.0 |       5 |       0 |   0.0
            +---------+---------+-------+---------+---------+-------

Illustrated notes

Table legend:
 A = Kills in this place as a percentage of kills in entire the game.
 B = Kills by you in this place as a percentage of kills by you in the entire game.
 C = Kills by friends in this place as a percentage of kills by friends in the entire game.
 D = Other kills in this place as a percentage of other kills in the entire game.
 E = Experience gained in this place as a percentage of experience gained in the entire game.
 F = Experience gained in this place divided by the number of levels of this place that you have seen.
                   A       B       C       D       E      F
               +-------+-------+-------+-------+-------+----------------------
         Total | 100.0 | 100.0 | 100.0 |   N/A | 100.0 |  29.5
       Dungeon | 100.0 | 100.0 | 100.0 |   N/A | 100.0 |  29.5
               +-------+-------+-------+-------+-------+----------------------

Table legend: (Time is in decaauts)
 A = Elapsed time spent in this place.
 B = Non-inter-level travel time spent in this place.
 C = Inter-level travel time spent in this place.
 D = Time resting spent in this place.
 E = Time spent auto-exploring this place.
 F = Levels seen in this place.
 G = Mean time per level.
                   A        B        C        D        E       F      G
               +--------+--------+--------+--------+--------+-----+--------+
         Total |   1681 |   1644 |     37 |    145 |   1318 |   2 |  840.5 |
       Dungeon |   1681 |   1644 |     37 |    145 |   1318 |   2 |  840.5 |
               +--------+--------+--------+--------+--------+-----+--------+

Top non-repeatable levels by time:
     D:1: 1536 daAuts
     D:2: 145 daAuts
